| TOP OF THE 1ST |
|
Great Lakes Loons batting - Pitching for Binghamton Mets : RHP Bryan Dorne
|
|
Pitching: RHP Bryan Dorne
|
|
|
Batting: LHB Nate Kee
|
0-0: Called Strike 0-1: Ball 1-1: Ball 2-1: Ground out U3 (Groundball, 3, EV 78.1 MPH)
|
|
Batting: LHB Tore Bosch
|
0-0: Hit by Pitch
|
|
Pinch Runner at 1st Cory Bowler:
|
|
|
Batting: LHB Jesus Ramirez
|
0-0: Called Strike 0-1: DOUBLE (Groundball, 5L, EV 100.6 MPH) Cory Bowler to third Runner from 3rd tries for Home, SAFE, throw by LF to trailing runner, SAFE at third!
|
|
Batting: RHB Steve Clark
|
0-0: Ball 1-0: Called Strike 1-1: DOUBLE (Flyball, 8LXD, EV 97.5 MPH) Jesus Ramirez scores
|
|
Batting: RHB Javier Solis
|
0-0: Called Strike 0-1: Foul Ball, location: 2F 0-2: Ball 1-2: Fly out, F8 (Flyball, 78M, EV 95.0 MPH)
|
|
Batting: LHB Jim Jardine
|
0-0: Ball 1-0: Swinging Strike 1-1: Foul Ball, location: 2F 1-2: Ball 2-2: Foul Ball, location: 2F 2-2: SINGLE (Groundball, 4MD, EV 95.6 MPH) Steve Clark to third
|
|
Batting: RHB Jason Baldwin
|
0-0: Called Strike 0-1: Ball 1-1: Ground out 4-3 (Groundball, 4, EV 78.8 MPH)
|
| Top of the 1st over - 2 runs, 3 hits, 0 errors, 2 left on base; Great Lakes 2 - Binghamton 0 |
| BOTTOM OF THE 1ST |
|
Binghamton Mets batting - Pitching for Great Lakes Loons : RHP Derek Ziolkowski
|
|
Pitching: RHP Derek Ziolkowski
|
|
|
Batting: RHB Oscar Bravo
|
0-0: Called Strike 0-1: DOUBLE (Line Drive, 3D, EV 105.6 MPH)
|
|
Batting: SHB Jason Evans
|
0-0: Ball 1-0: Called Strike 1-1: Foul Ball, location: 2F 1-2: Ground out 4-3 (Groundball, 4, EV 98.1 MPH) Oscar Bravo to third
|
|
Batting: LHB Dan Bremseth
|
0-0: Foul Ball, location: 2F 0-1: Ball 1-1: 2-RUN HOME RUN (Flyball, 89XD, EV 100.0 MPH), Distance : 413 ft
|
|
Batting: RHB Mike Hanks
|
0-0: Called Strike 0-1: Foul Ball, location: 2F 0-2: Ball 1-2: Foul Ball, location: 2F 1-2: Strikes out swinging
|
|
Batting: LHB Zane Kelton
|
0-0: Swinging Strike 0-1: Called Strike 0-2: Ball 1-2: Ball 2-2: Strikes out swinging
|
| Bottom of the 1st over - 2 runs, 2 hits, 0 errors, 0 left on base; Great Lakes 2 - Binghamton 2 |
| TOP OF THE 2ND |
|
Great Lakes Loons batting - Pitching for Binghamton Mets : RHP Bryan Dorne
|
|
Batting: RHB Trevor Conklin
|
0-0: Ball 1-0: Foul Ball, location: 2F 1-1: Called Strike 1-2: Strikes out swinging
|
|
Batting: RHB Ruben Serrata
|
0-0: Hit by Pitch
|
|
Batting: LHB Nate Kee
|
0-0: Called Strike Ruben Serrata is caught stealing 2nd base 2-6 0-1: Foul Ball, location: 2F 0-2: Ball 1-2: Ball 2-2: Foul Ball, location: 2F 2-2: Strikes out swinging
|
| Top of the 2nd over - 0 runs, 0 hits, 0 errors, 0 left on base; Great Lakes 2 - Binghamton 2 |
| BOTTOM OF THE 2ND |
|
Binghamton Mets batting - Pitching for Great Lakes Loons : RHP Derek Ziolkowski
|
|
Batting: RHB Nate Henderson
|
0-0: Called Strike 0-1: Swinging Strike 0-2: Strikes out swinging
|
|
Batting: SHB Jerry Burrows
|
0-0: Ball 1-0: Swinging Strike 1-1: Foul Ball, location: 2F 1-2: Foul Ball, location: 2F 1-2: Ball 2-2: Ball 3-2: Foul Ball, location: 2F 3-2: Base on Balls
|
|
Batting: LHB Jamel Alexander
|
0-0: Ball 1-0: Ball 2-0: DOUBLE (Line Drive, 9LS, EV 96.2 MPH) Jerry Burrows to third Runner from 3rd tries for Home, throw by RF and OUT! 9-4-2 Jamel Alexander to third
|
|
Batting: RHB Gang-sheng Chew
|
0-0: Ball 1-0: SINGLE (Groundball, 6MD, EV 102.5 MPH) Jamel Alexander scores
|
|
Batting: RHB Oscar Bravo
|
0-0: Called Strike 0-1: Ball 1-1: Swinging Strike 1-2: Foul Ball, location: 2F 1-2: Foul Ball, location: 2F 1-2: Strikes out swinging
|
| Bottom of the 2nd over - 1 run, 2 hits, 0 errors, 1 left on base; Great Lakes 2 - Binghamton 3 |
| TOP OF THE 3RD |
|
Great Lakes Loons batting - Pitching for Binghamton Mets : RHP Bryan Dorne
|
|
Batting: LHB Cory Bowler
|
0-0: Foul Ball, location: 2F 0-1: Ball 1-1: Foul Ball, location: 2F 1-2: Foul Ball, location: 2F 1-2: Ball 2-2: Ball 3-2: Ground out 4-3 (Groundball, 34, EV 80.0 MPH)
|
|
Batting: LHB Jesus Ramirez
|
0-0: Ball 1-0: Ball 2-0: Called Strike 2-1: Ground out U3 (Groundball, 34S, EV 85.6 MPH)
|
|
Batting: RHB Steve Clark
|
0-0: Ball 1-0: Ball 2-0: Swinging Strike 2-1: Swinging Strike 2-2: Strikes out swinging
|
| Top of the 3rd over - 0 runs, 0 hits, 0 errors, 0 left on base; Great Lakes 2 - Binghamton 3 |
| BOTTOM OF THE 3RD |
|
Binghamton Mets batting - Pitching for Great Lakes Loons : RHP Derek Ziolkowski
|
|
Batting: SHB Jason Evans
|
0-0: Ball 1-0: Swinging Strike 1-1: Ball 2-1: SINGLE (Line Drive, 56, EV 103.1 MPH)
|
|
Batting: LHB Dan Bremseth
|
Pickoff Throw to First - Out! 1-3 0-0: Ball 1-0: Called Strike 1-1: Fly out, F7 (Flyball, 78D, EV 95.0 MPH)
|
|
Batting: RHB Mike Hanks
|
0-0: Called Strike 0-1: DOUBLE (Line Drive, 9LS, EV 107.5 MPH)
|
|
Batting: LHB Zane Kelton
|
0-0: Ball 1-0: DOUBLE (Line Drive, 78XD, EV 100.0 MPH) Mike Hanks scores
|
|
Batting: RHB Nate Henderson
|
0-0: Swinging Strike 0-1: Ball 1-1: Foul Ball, location: 2F 1-2: Foul Ball, location: 2F 1-2: Ball 2-2: Foul Ball, location: 2F 2-2: Ball 3-2: Ground out 6-3 (Groundball, 6, EV 79.4 MPH)
|
| Bottom of the 3rd over - 1 run, 3 hits, 0 errors, 1 left on base; Great Lakes 2 - Binghamton 4 |
| TOP OF THE 4TH |
|
Great Lakes Loons batting - Pitching for Binghamton Mets : RHP Bryan Dorne
|
|
Batting: RHB Javier Solis
|
0-0: Ball 1-0: Ground out 6-3 (Groundball, 6M, EV 105.6 MPH)
|
|
Batting: LHB Jim Jardine
|
0-0: Ball 1-0: Called Strike 1-1: Ball 2-1: Called Strike 2-2: Ball 3-2: Base on Balls
|
|
Batting: RHB Jason Baldwin
|
0-0: Called Strike 0-1: Called Strike 0-2: Foul Ball, location: 2F 0-2: Ball 1-2: Ball 2-2: Ball 3-2: Grounds into double play, 4-6-3 (Groundball, 13, EV 77.5 MPH)
|
| Top of the 4th over - 0 runs, 0 hits, 0 errors, 0 left on base; Great Lakes 2 - Binghamton 4 |
| BOTTOM OF THE 4TH |
|
Binghamton Mets batting - Pitching for Great Lakes Loons : RHP Derek Ziolkowski
|
|
Batting: SHB Jerry Burrows
|
0-0: DOUBLE (Groundball, 3L, EV 105.0 MPH)
|
|
Batting: LHB Jamel Alexander
|
0-0: Ball 1-0: Swinging Strike 1-1: Swinging Strike 1-2: Ball 2-2: Ground out 6-3 (Groundball, 6, EV 103.8 MPH)
|
|
Batting: RHB Gang-sheng Chew
|
0-0: Ball 1-0: Ball 2-0: Ball 3-0: Called Strike 3-1: Swinging Strike 3-2: Strikes out swinging
|
|
Batting: RHB Oscar Bravo
|
0-0: Ball 1-0: Ball 2-0: Ball 3-0: Called Strike 3-1: SINGLE (Groundball, 6D, EV 93.8 MPH) Jerry Burrows to third Runner from 3rd tries for Home, SAFE, throw by CF to home
|
|
Batting: SHB Jason Evans
|
0-0: Called Strike 0-1: Ball Oscar Bravo is caught stealing 2nd base 2-6
|
| Bottom of the 4th over - 1 run, 2 hits, 0 errors, 0 left on base; Great Lakes 2 - Binghamton 5 |
| TOP OF THE 5TH |
|
Great Lakes Loons batting - Pitching for Binghamton Mets : RHP Bryan Dorne
|
|
Batting: RHB Trevor Conklin
|
0-0: Ball 1-0: Swinging Strike 1-1: Ball 2-1: Fly out, F8 (Line Drive, 8LM, EV 95.0 MPH)
|
|
Batting: RHB Ruben Serrata
|
0-0: Ball 1-0: Ball 2-0: Ball 3-0: Called Strike 3-1: Base on Balls
|
|
Batting: LHB Nate Kee
|
0-0: Called Strike 0-1: Fielders Choice at 2nd, 4-6 (Groundball, 4, EV 86.2 MPH)
|
|
Batting: LHB Cory Bowler
|
0-0: Called Strike 0-1: Called Strike 0-2: Ball 1-2: Hit by Pitch Nate Kee to second
|
|
Batting: LHB Jesus Ramirez
|
0-0: Ball 1-0: Called Strike 1-1: Swinging Strike 1-2: Ball 2-2: Foul Ball, location: 2F 2-2: Fly out, F8 (Flyball, 8LM, EV 83.8 MPH)
|
| Top of the 5th over - 0 runs, 0 hits, 0 errors, 2 left on base; Great Lakes 2 - Binghamton 5 |
| BOTTOM OF THE 5TH |
|
Binghamton Mets batting - Pitching for Great Lakes Loons : RHP Derek Ziolkowski
|
|
Batting: SHB Jason Evans
|
0-0: Ball 1-0: Ball 2-0: Ball 3-0: Base on Balls
|
|
Batting: LHB Dan Bremseth
|
0-0: Called Strike 0-1: SINGLE (Line Drive, 7S, EV 91.9 MPH) Jason Evans to second
|
|
Pitching: RHP Mike Richardson
|
|
|
Batting: RHB Mike Hanks
|
0-0: Ball 1-0: Swinging Strike 1-1: Swinging Strike 1-2: Ball 2-2: Strikes out swinging
|
|
Batting: LHB Zane Kelton
|
0-0: Called Strike 0-1: Foul Ball, location: 2F 0-2: Ball 1-2: Ball 2-2: Foul Ball, location: 2F 2-2: Ball 3-2: DOUBLE (Line Drive, 5D, EV 100.0 MPH) Jason Evans scores Dan Bremseth to third Runner from 3rd tries for Home, throw by LF and OUT! 7-6-2
|
|
Batting: RHB Nate Henderson
|
0-0: Foul Ball, location: 2F 0-1: Ball 1-1: Foul Ball, location: 2F 1-2: Strikes out swinging
|
| Bottom of the 5th over - 1 run, 2 hits, 0 errors, 1 left on base; Great Lakes 2 - Binghamton 6 |
| TOP OF THE 6TH |
|
Great Lakes Loons batting - Pitching for Binghamton Mets : RHP Bryan Dorne
|
|
Batting: RHB Steve Clark
|
0-0: Foul Ball, location: 2F 0-1: Ball 1-1: Ball 2-1: Ground out 5-3 (Groundball, 56, EV 80.6 MPH)
|
|
Batting: RHB Javier Solis
|
0-0: Ball 1-0: Called Strike 1-1: Swinging Strike 1-2: Strikes out swinging
|
|
Batting: LHB Jim Jardine
|
0-0: Foul Ball, location: 2F 0-1: Called Strike 0-2: Ball 1-2: Foul Ball, location: 2F 1-2: Ball 2-2: Ball 3-2: Foul Ball, location: 2F 3-2: Strikes out swinging
|
| Top of the 6th over - 0 runs, 0 hits, 0 errors, 0 left on base; Great Lakes 2 - Binghamton 6 |
| BOTTOM OF THE 6TH |
|
Binghamton Mets batting - Pitching for Great Lakes Loons : RHP Mike Richardson
|
|
Batting: SHB Jerry Burrows
|
0-0: Foul Ball, location: 2F 0-1: Ball 1-1: Foul Ball, location: 2F 1-2: Reached on error, E6 (Groundball, 6, EV 85.0 MPH)
|
|
Batting: LHB Jamel Alexander
|
0-0: Called Strike 0-1: Swinging Strike 0-2: Ball 1-2: Foul Ball, location: 2F 1-2: Fly out, F9 (Flyball, 89S, EV 85.6 MPH)
|
|
Batting: RHB Gang-sheng Chew
|
0-0: Fly out, F9 (Flyball, 9S, EV 95.6 MPH)
|
|
Batting: RHB Oscar Bravo
|
0-0: Called Strike 0-1: Ball 1-1: DOUBLE (Line Drive, 9LS, EV 101.9 MPH) Jerry Burrows to third
|
|
Batting: SHB Jason Evans
|
0-0: Fly out, F8 (Flyball, 8RD, EV 107.5 MPH)
|
| Bottom of the 6th over - 0 runs, 1 hit, 1 error, 2 left on base; Great Lakes 2 - Binghamton 6 |
| TOP OF THE 7TH |
|
Great Lakes Loons batting - Pitching for Binghamton Mets : RHP Bryan Dorne
|
|
Batting: RHB Jason Baldwin
|
0-0: Called Strike 0-1: Hit by Pitch
|
|
Batting: RHB Trevor Conklin
|
0-0: Called Strike 0-1: Ball 1-1: Called Strike 1-2: Foul Ball, location: 2F 1-2: DOUBLE (Flyball, 8LXD, EV 101.9 MPH) Jason Baldwin to third
|
|
Pitching: RHP Wei-hong Qi
|
|
|
Batting: RHB Ruben Serrata
|
0-0: Foul Ball, location: 2F 0-1: SINGLE (Line Drive, 78S, EV 100.0 MPH) Jason Baldwin scores Trevor Conklin to third
|
|
Batting: LHB Nate Kee
|
0-0: Ball 1-0: Swinging Strike 1-1: Ball 2-1: Ball 3-1: Foul Ball, location: 2F 3-2: Fly out, F9 (Line Drive, 89D, EV 86.9 MPH) Runner from 3rd tags up, SCORES, no throw by RF
|
|
Batting: LHB Cory Bowler
|
0-0: Ball Ruben Serrata steals 2nd base 1-0: Ball 2-0: Fly out, F8 (Flyball, 8LD, EV 90.0 MPH) Runner from 2nd tags up, OUT at 3rd! 8-5
|
| Top of the 7th over - 2 runs, 2 hits, 0 errors, 0 left on base; Great Lakes 4 - Binghamton 6 |
| BOTTOM OF THE 7TH |
|
Binghamton Mets batting - Pitching for Great Lakes Loons : RHP Mike Richardson
|
|
Batting: LHB Dan Bremseth
|
0-0: Ball 1-0: Ball 2-0: Called Strike 2-1: Ball 3-1: Foul Ball, location: 2F 3-2: SINGLE (Groundball, 34D, EV 101.9 MPH)
|
|
Batting: RHB Mike Hanks
|
0-0: Ball 1-0: Foul Ball, location: 2F 1-1: Called Strike 1-2: Strikes out swinging
|
|
Batting: LHB Zane Kelton
|
0-0: Fly out, F7 (Line Drive, 7, EV 98.1 MPH)
|
|
Batting: RHB Nate Henderson
|
0-0: Called Strike 0-1: Called Strike 0-2: SINGLE (Groundball, 56D, EV 98.1 MPH) Dan Bremseth to second
|
|
Batting: SHB Jerry Burrows
|
0-0: Called Strike 0-1: Swinging Strike 0-2: Strikes out looking
|
| Bottom of the 7th over - 0 runs, 2 hits, 0 errors, 2 left on base; Great Lakes 4 - Binghamton 6 |
| TOP OF THE 8TH |
|
Great Lakes Loons batting - Pitching for Binghamton Mets : RHP Wei-hong Qi
|
|
Batting: LHB Jesus Ramirez
|
0-0: Ball 1-0: Foul Ball, location: 2F 1-1: Foul Ball, location: 2F 1-2: Strikes out swinging
|
|
Batting: RHB Steve Clark
|
0-0: Ground out 4-3 (Groundball, 4M, EV 100.0 MPH)
|
|
Batting: RHB Javier Solis
|
0-0: Ball 1-0: Called Strike 1-1: Called Strike 1-2: Foul Ball, location: 2F 1-2: Foul Ball, location: 2F 1-2: Ground out 5-3 (Groundball, 56, EV 98.8 MPH)
|
| Top of the 8th over - 0 runs, 0 hits, 0 errors, 0 left on base; Great Lakes 4 - Binghamton 6 |
| BOTTOM OF THE 8TH |
|
Binghamton Mets batting - Pitching for Great Lakes Loons : RHP Mike Richardson
|
|
Pitching: RHP Cameron Williams
|
|
|
Batting: LHB Jamel Alexander
|
0-0: Called Strike 0-1: Foul Ball, location: 2F 0-2: Reached on error, E3 (Groundball, 3, EV 98.1 MPH)
|
|
Batting: RHB Gang-sheng Chew
|
0-0: Ball 1-0: Ball 2-0: Fly out, F9 (Line Drive, 9LM, EV 95.0 MPH)
|
|
Batting: RHB Oscar Bravo
|
0-0: Foul Ball, location: 2F 0-1: Foul Ball, location: 2F 0-2: Foul Ball, location: 2F 0-2: Ball 1-2: 2-RUN HOME RUN (Flyball, 7D, EV 96.2 MPH), Distance : 379 ft
|
|
Batting: SHB Jason Evans
|
0-0: Foul Ball, location: 2F 0-1: Foul Ball, location: 2F 0-2: Strikes out swinging
|
|
Batting: LHB Dan Bremseth
|
0-0: Ball 1-0: Ground out 6-3 (Groundball, 6M, EV 103.8 MPH)
|
| Bottom of the 8th over - 2 runs, 1 hit, 1 error, 0 left on base; Great Lakes 4 - Binghamton 8 |
| TOP OF THE 9TH |
|
Great Lakes Loons batting - Pitching for Binghamton Mets : RHP Wei-hong Qi
|
|
Pitching: RHP Mike Mojica
|
|
|
Batting: LHB Jim Jardine
|
0-0: Ball 1-0: Foul Ball, location: 2F 1-1: SINGLE (Groundball, 6M, EV 102.5 MPH) (infield hit)
|
|
Batting: RHB Jason Baldwin
|
0-0: Ball 1-0: Foul Ball, location: 2F 1-1: Foul Ball, location: 2F 1-2: Foul Ball, location: 2F 1-2: Ball 2-2: Ball 3-2: Foul Ball, location: 2F 3-2: SINGLE (Groundball, 4MD, EV 106.2 MPH) Jim Jardine to second
|
|
Pitching: LHP Scott Carr
|
|
|
Batting: RHB Trevor Conklin
|
0-0: Ball 1-0: Ball 2-0: Swinging Strike 2-1: Foul Ball, location: 2F 2-2: Foul Ball, location: 2F 2-2: Ball 3-2: Foul Ball, location: 2F 3-2: Strikes out swinging
|
|
Batting: RHB Ruben Serrata
|
0-0: Called Strike 0-1: SINGLE (Groundball, 4MD, EV 100.0 MPH) Jim Jardine to third Jason Baldwin to second
|
|
Pinch Hitting: RHB Eddie Perry
|
0-0: Ball 1-0: Ball 2-0: Called Strike 2-1: Foul Ball, location: 2F 2-2: Ball 3-2: Foul Ball, location: 2F 3-2: Base on Balls Jim Jardine scores Jason Baldwin to third Ruben Serrata to second
|
|
Batting: RHB Justin Curran
|
0-0: Ball 1-0: Fly out, F8 (Line Drive, 8RD, EV 85.6 MPH) Runner from 3rd tags up, SCORES, no throw by CF
|
|
Batting: LHB Jesus Ramirez
|
0-0: Swinging Strike 0-1: Ball 1-1: Ball 2-1: Foul Ball, location: 2F 2-2: Foul Ball, location: 2F 2-2: Strikes out looking
|
| Top of the 9th over - 2 runs, 3 hits, 0 errors, 2 left on base; Great Lakes 6 - Binghamton 8 |
|